 Dungeon Crawl Stone Soup version 0.21.1-1-g345015f (webtiles) character file.

23 troglodite the Covered (level 2, 0/27 HPs)
             Began as a Minotaur Fighter on Feb 28, 2018.
             Succumbed to a goblin's poison
             ... on level 2 of the Dungeon.
             The game lasted 00:01:49 (901 turns).

troglodite the Covered (Minotaur Fighter)            Turns: 901, Time: 00:01:51

Health: 0/27       AC:  8    Str: 20    XL:     2   Next: 75%
Magic:  1/1        EV:  7    Int:  5    God:
Gold:   87         SH:  9    Dex:  9    Spells: 1/1 levels left

rFire    . . .     SeeInvis .   a - +0 long sword
rCold    . . .     Gourm    .   c - +0 shield
rNeg     . . .     Faith    .   b - +0 scale mail
rPois    .         Spirit   .   (helmet restricted)
rElec    .         Reflect  .   (no cloak)
rCorr    .         Harm     .   m - +0 pair of gloves
MR       +....                  (no boots)
Stlth    ..........             i - amulet of inaccuracy (curse)
HPRegen  0.09/turn              o - ring of protection from magic
MPRegen  0.07/turn              (no ring)

@: lethally poisoned (0 -> -23)
A: retaliatory headbutt, horns 2
a: no special abilities


You were on level 2 of the Dungeon.
You were not hungry.

You visited 1 branch of the dungeon, and saw 2 of its levels.

You collected 87 gold pieces.

Inventory:

Hand Weapons
 a - a +0 long sword (weapon)
Armour
 b - a +0 scale mail (worn)
 c - a +0 shield (worn)
 m - a +0 pair of gloves (worn)
Jewellery
 i - a cursed amulet of inaccuracy (around neck)
 o - a ring of protection from magic (left hand)
Scrolls
 e - a scroll of identify {unknown}
 h - 3 scrolls of remove curse {unknown}
 j - a scroll of fear {unknown}
 k - 2 scrolls of blinking {unknown}
Potions
 d - 2 potions of might
Comestibles
 f - 3 rations
 l - 2 chunks of flesh


   Skills:
 * Level 3.9 Fighting
 * Level 2.5 Long Blades
 * Level 4.2 Armour
 * Level 0.7 Dodging
 + Level 0.1 Stealth
 * Level 3.8 Shields


You had one spell level left.
You didn't know any spells.

Dungeon Overview and Level Annotations

Branches:
Dungeon (2/15)

Altars:
Ashenzari


Innate Abilities, Weirdness & Mutations

You reflexively headbutt those who attack you in melee.
You have a pair of horns on your head.


Message History

* * * LOW HITPOINT WARNING * * *
You feel sick. You block the adder's attack. You block the goblin's attack.
You block the adder's attack.
You miss the adder. Your headbutt misses the adder.
The adder is lightly wounded.
* * * LOW HITPOINT WARNING * * *
You feel sick. The adder bites you.
* * * LOW HITPOINT WARNING * * *
You block the goblin's attack. You block the adder's attack.
Unknown command.
You miss the adder.
The adder is lightly wounded.
* * * LOW HITPOINT WARNING * * *
You feel sick. You block the goblin's attack.
The adder bites you but does no damage. The goblin hits you but does no damage.
You are more poisoned.
The adder bites you but does no damage.
You closely miss the adder.
The adder is lightly wounded.
You die...

#. ♣.♣......# #
##'###.###.##.# ##...##.#
#.##.## # ##.....♣.♣
#.##..# #.#........#
#...♣.♣.###
#.......[♣.♣###....#... ##
.'.........+...♣.♣.♣.♣....
#.......g♣.♣##.........#
#......@.....♣.♣.♣.♣##
##....S#.#######.#.#
##...##.# ♣.♣.#
##+.##.##### #...#
..##.#...# #.###
#..##.#...###.#
###..##.......#.# #
.....##.........# ♣
..............### ♣


You could see an adder and a goblin.

Vanquished Creatures
  An adder (D:2)
  A leopard gecko (D:1)
  A giant cockroach (D:1)
  A goblin (D:1)
  2 hobgoblins
  2 frilled lizards
  5 kobolds (D:1)
  A rat (D:1)
14 creatures vanquished.

Notes
Turn   | Place    | Note
-------+----------+-------------------------------------------
     0 | D:1      | troglodite the Minotaur Fighter began the quest for the Orb.
     0 | D:1      | Reached XP level 1. HP: 19/19 MP: 0/0
   236 | D:1      | Reached XP level 2. HP: 24/27 MP: 1/1
   494 | D:2      | Found a shattered altar of Ashenzari.
   786 | D:2      | Reached skill level 4 in Armour
   901 | D:2      | Succumbed to a goblin's poison

Skill      XL: |  1  2 |
---------------+-------+-----
Armour         | 4 |  4.2
Fighting       | |  3.9
Long Blades    | |  2.5
Dodging        | |  0.7
Stealth        | |  0.1
Shields        | |  3.8

Action                   || total
-------------------------++-------
Melee: Long sword        ||    66
       Headbutt          ||     5
  Use: Potion            ||     2
Armor: Scale mail        ||    31
Dodge: Dodged            ||    24
Block: Shield            ||    36
       Rpst.: Long sword ||     5
